 Dungeon Crawl Stone Soup version 0.30-a0-1043-g60ff8d5f49 (webtiles) character file.

Game seed: 4894221079733593269

50505 Newt the Cleaver (level 14, -5/115 HPs)
             Began as a Demonspawn Gladiator on Apr 7, 2023.
             Was a High Priest of Okawaru.
             Slain by an orc knight
             ... wielding a +2 battleaxe of freezing
              (24 damage)
             ... on level 2 of the Orcish Mines on Apr 10, 2023.
             The game lasted 00:23:05 (16593 turns).

Newt the Cleaver (Demonspawn Gladiator)            Turns: 16593, Time: 00:23:06

Health: -5/115     AC: 33    Str: 23    XL:     14   Next: 20%
Magic:  18/20      EV: 13    Int: 13    God:    Okawaru [*****.]
Gold:   707        SH:  5    Dex: 17    Spells: 13/13 levels left

rFire   + . .      SeeInvis +    i - +10 battleaxe of Ithrorir {heavy, rC+}
rCold   + . .      Faith    .    (shield currently unavailable)
rNeg    . . .      Spirit   .    J - +5 chain mail of the Peach {Regen+ Int+4 Dex-2 Slay+5}
rPois   .          Reflect  +    G - +2 helmet {SInv}
rElec   .          Rampage  .    (cloak unavailable)
rCorr   .                        (no gloves)
Will    ++...                    N - +2 pair of boots Stlth
                                 E - amulet of the Turtledove {Reflect Str+4 Dex+3 SH+5}
HPRegen 1.19/turn                U - +4 ring of protection
MPRegen 0.17/turn                j - ring of willpower

@: lethally poisoned (-5 -> -7), heroic
A: rugged brown scales 2, foul stench 2, weakness stinger 3, fire resistance 1,
evolution 1
a: Renounce Religion, Heroism, Finesse, Duel


You were on level 2 of the Orcish Mines.
You worshipped Okawaru.
Okawaru was extremely pleased with you.
You visited 4 branches of the dungeon, and saw 20 of its levels.
You also visited: Gauntlet.

You collected 1484 gold pieces.
You spent 777 gold pieces at shops.

Inventory:

Hand Weapons
 c - the +12 sling of Circularity {speed, +Blink rN+ rCorr Int+3}
   (You took it off a minotaur in a Gauntlet)

   Int:       It affects your intelligence (+3).
   rN:        It protects you from negative energy.
   +Blink:    It lets you blink.
   rCorr:     It protects you from acid and corrosion.
 i - the +10 battleaxe of Ithrorir (weapon) {heavy, rC+}
   (Okawaru gifted it to you on level 3 of the Lair of Beasts)

   rC:        It protects you from cold.
 M - a +7 battleaxe
 X - a +1 flail of freezing
Missiles
 d - 2 throwing nets
 e - a javelin
 f - 16 poisoned darts
 n - 167 stones
 q - a datura-tipped dart
 x - 2 boomerangs of dispersal
 A - 11 boomerangs (quivered)
 Q - 5 silver javelins
Armour
 l - the quicksilver dragon scales of the Wasteland {Harm Fly Will+ Str-3 Dex+3}
   (Okawaru gifted it to you on level 4 of the Lair of Beasts)

   Str:       It affects your strength (-3).
   Dex:       It affects your dexterity (+3).
   Fly:       It grants you flight.
   Harm:      It increases damage dealt and taken.
   Will:      It increases your willpower.
 G - a +2 helmet of see invisible (worn)
 I - the +3 chain mail of the Northern Lights {Will+ rCorr SInv}
   (Okawaru gifted it to you on level 2 of the Lair of Beasts)

   SInv:      It lets you see invisible.
   rCorr:     It protects you from acid and corrosion.
   Will:      It increases your willpower.
 J - the +5 chain mail of the Peach (worn) {Regen+ Int+4 Dex-2 Slay+5}
   (You found it on level 5 of the Dungeon)

   Int:       It affects your intelligence (+4).
   Dex:       It affects your dexterity (-2).
   Slay:      It affects your accuracy & damage with ranged weapons and melee
   (+5).
   Regen:     It increases your rate of health regeneration.
 N - a +2 pair of boots (worn)
 V - a +4 chain mail of cold resistance
Jewellery
 g - a +5 ring of evasion
 j - a ring of willpower (right hand)
 E - the amulet of the Turtledove (around neck) {Reflect Str+4 Dex+3 SH+5}
   (You bought it in a shop on level 1 of the Dungeon)

   [amulet of reflection]

   It reflects blocked missile attacks.
   Str:       It affects your strength (+4).
   Dex:       It affects your dexterity (+3).
   SH:        It affects your SH (+5).
 U - a +4 ring of protection (left hand)
 Z - an amulet of reflection
Wands
 r - a wand of paralysis (10)
 u - a wand of mindburst (12)
 C - a wand of flame (58)
 P - a wand of digging (9)
 S - a wand of roots (15)
 Y - a wand of polymorph (8)
Scrolls
 b - 3 scrolls of identify
 p - a scroll of silence
 y - 3 scrolls of fear
 D - a scroll of enchant armour
 K - 7 scrolls of teleportation
 R - 2 scrolls of butterflies
 T - 3 scrolls of blinking
Potions
 a - a potion of cancellation
 h - 4 potions of lignification
 k - 2 potions of might
 m - a potion of ambrosia
 o - a potion of invisibility
 s - 2 potions of attraction
 t - 2 potions of heal wounds
 v - 3 potions of berserk rage
 w - 2 potions of haste
 z - 13 potions of curing
 B - a potion of resistance
 H - 3 potions of brilliance
 L - 2 potions of flight
 O - 4 potions of mutation
Miscellaneous
 W - a tin of tremorstones (2/2)


   Skills:
 - Level 10.0(15.0) Fighting
 - Level 2.6(7.6) Short Blades
 + Level 14.2(19.2) Axes
 - Level 5.0(10.0) Throwing
 - Level 14.0(19.0) Armour
 - Level 2.6(7.6) Dodging
 - Level 9.0 Invocations
 - Level 10.0 Evocations


You had 13 spell levels left.
You didn't know any spells.
Your spell library contained the following spells:

 Spells                   Type           Power      Damage    Failure   Level
 Freeze                   Ice            0%         1d3       67%         1
 Magic Dart               Conj           0%         1d3       67%         1
 Necrotise                Necr           0%         1d4       67%         1
 Sting                    Tmut/Pois      0%         1d3       67%         1
 Ensorcelled Hibernation  Hex/Ice        0%         N/A       82%         2
 Poisonous Vapours        Pois/Air       0%         N/A       82%         2
 Frozen Ramparts          Ice            0%         1d1       96%         3
 Hailstorm                Conj/Ice       0%         3d3       96%         3
 Mephitic Cloud           Conj/Pois/Air  0%         N/A       96%         3
 Spider Form              Tmut/Pois      0%         N/A       96%         3
 Vampiric Draining        Necr           0%         2d6       96%         3
 Anguish                  Hex/Necr       0%         N/A       100%        4
 Ice Form                 Ice/Tmut       0%         N/A       100%        4
 Olgreb's Toxic Radiance  Pois           0%         N/A       100%        4
 Agony                    Necr           0%         N/A       100%        5
 Call Imp                 Summ           Unusable   N/A       N/A         2
 Summon Ice Beast         Ice/Summ       Unusable   N/A       N/A         4
 Simulacrum               Ice/Necr       Unusable   N/A       N/A         6

Dungeon Overview and Level Annotations

Branches:
Dungeon (13/15)            Temple (1/1) D:6            Lair (4/5) D:10
  Swamp (0/4) Lair:3       Spider (0/4) Lair:3        Slime (0/5) Lair:4
    Orc (2/2) D:12            Elf (0/3) Orc:2       Gauntlet (visited)
 Vaults: D:13-14

Altars:
Ashenzari
Cheibriados
Dithmenos
Fedhas
Gozag
Hepliaklqana
Kikubaaqudgha
Makhleb
Nemelex Xobeh
Okawaru
Qazlal
Ru
Sif Muna
Trog
Uskayaw
Vehumet
Wu Jian
Xom
Yredelemnul
Jiyva

Shops:
D:1 *   D:3 =:?   D:11 !   Orc:2 [

Portals:
Abyss: D:4

Annotations:
D:4 2 transporters, LobsterGuardian's ghost, amateur OpVM


Innate Abilities, Weirdness & Mutations

You are mostly covered in rugged brown scales. (AC +2, +5% HP)
You sometimes emit foul miasma when damaged in melee.
You have a sharp stinger which inflicts weakening toxins.
Your flesh is heat resistant. (rF+)
You have hidden genetic potential.


Message History

You hear a shout!
The orc high priest is no longer weakened.
The orc high priest barely misses you.
The orc warrior is engulfed in dark miasma.
The orc warrior is poisoned.
The orc warrior hits you with a +0 mace.
The orc knight closely misses you.
The orc high priest hits you with a +0 glaive!
The orange demon stings you but does no damage.
You completely miss the orc high priest.
You tail-slap the orc high priest.
You kill the orc high priest!
Okawaru accepts your kill.
The orange demon disappears in a puff of smoke!
You hit the orc knight but do no damage.
You slice the orc warrior!!
You kill the orc warrior!
Okawaru accepts your kill.
You slash the orc high priest!
You feel very sick.
The orc knight roars a battlecry!
The orc knight goes into a battle-frenzy!
The orc high priest hits you with a +0 trident.
* * * LOW HITPOINT WARNING * * *
The orc high priest invokes the aid of Beogh against you.
Beogh smites you!
* * * LOW HITPOINT WARNING * * *
The orc knight hits you with a +2 battleaxe of freezing.
* * * LOW HITPOINT WARNING * * *
You hear a bleat!
Unknown command.
You feel sick.
You hear a shout!
The orc high priest misses you.
Things that are here:
a +0 dagger; a +0 chain mail Unknown command.
The orc knight attacks as you move away!
The orc knight hits you with a +2 battleaxe of freezing!!
You die...

.## #. ..#####.##........ ##
. ...##.##........ # #.
...##.##........ .
...##.##........ #. #.
##..##..##........
#∩.#o##§o.##.###.[......
#...o..4##..# #........
#..oo4##..## #........
#####@)..## #..)..... ######
#...)....
##############...)....
#.............))).....
##..).........))).....
####...))........))......
##.#.....)................
###.........................
##..........#................


You could see 3 orc knights, 2 orc high priests, a hellwing (summoned) and an
ice devil (summoned).

Vanquished Creatures
  2 orc warlords
  A quicksilver ooze (Gauntlet)
  A minotaur (Gauntlet)
  A rakshasa (D:12)
  Fannar (Lair:3)
  A hydra (Lair:4)
  An anaconda (Lair:4)
  A boulder beetle (Lair:4)
  5 two-headed ogres
  An orc high priest (Orc:2)
  3 death yaks (Lair:2)
  Sonja (Lair:2)
  Nergalle (D:12)
  A skyshark (Lair:3)
  A wizard (D:11)
  2 orc sorcerers
  Pikel (D:7)
  3 cyclopes
  A manticore (D:7)
  5 black mambas
  2 ugly things (D:12)
  6 elephants (Lair:4)
  Joseph (D:7)
  9 cane toads
  7 gargoyles
  3 rime drakes
  5 komodo dragons
  5 trolls
  A hornet (D:11)
  A polar bear (D:10)
  The ghost of Jase the Firebug, an amateur HOFE (D:5)
  15 blink frogs
  12 shadows
  2 wyverns
  42 yaks
  2 basilisks
  3 wraiths (D:11)
  A steam dragon (Lair:2)
  9 vampire mosquitoes
  2 acid dragons
  2 wargs (Orc:2)
  16 water moccasins
  2 black bears
  3 ice beasts
  2 sky beasts
  18 orc warriors
  A wolf (D:10)
  6 centaurs
  7 ogres
  A phantom (D:5)
  A kobold brigand (D:8)
  2 lemures (D:7)
  8 bullfrogs
  12 wights
  2 electric eels (Lair:3)
  2 centaur zombies (D:5)
  A bullfrog zombie (D:5)
  3 hounds
  2 jellies (D:5)
  22 orc priests
  3 gnoll boudas
  2 iguanas (D:5)
  11 orc wizards
  16 gnolls
  9 adders
  2 shadow imps
  A white imp (D:6)
  An ufetubus (D:4)
  A worm (D:2)
  71 orcs
  15 ball pythons
  3 endoplasms
  5 giant cockroaches
  7 goblins
  10 hobgoblins
  6 jackals
  2 quokkas
  6 bats
  2 frilled lizards (D:2)
  13 kobolds
  5 rats
467 creatures vanquished.

Vanquished Creatures (others)
  An orc priest (Orc:1)
  8 fungi
  27 plants
36 creatures vanquished.

Grand Total: 503 creatures vanquished

Notes
Turn   | Place    | Note
-------+----------+-------------------------------------------
     0 | D:1      | Newt the Demonspawn Gladiator began the quest for the Orb.
     0 | D:1      | Reached XP level 1. HP: 16/16 MP: 1/1
   138 | D:1      | Gained mutation: You may rarely emit foul miasma when
                  | damaged in melee. [demonic ancestry]
   138 | D:1      | Reached XP level 2. HP: 16/23 MP: 2/2
   329 | D:1      | Found Ceopp's General Store.
   426 | D:1      | Upgraded the game from 0.30-a0-1018-g25214051b3 to
                  | 0.30-a0-1043-g60ff8d5f49
   825 | D:2      | Identified a scroll of acquirement
   825 | D:2      | Acquired the +5 plate armour of the Poles {rPois}
   965 | D:2      | Reached XP level 3. HP: 29/29 MP: 3/3
  1257 | D:2      | Gained mutation: You have a small tail. [demonic ancestry]
  1257 | D:2      | Reached XP level 4. HP: 38/38 MP: 4/4
  1464 | D:2      | Found a faded altar of an unknown god.
  1677 | D:3      | Found Yxosm's Jewellery Shop.
  1695 | D:3      | Found Gaobob's Magic Scroll Shoppe.
  1784 | D:3      | Found Cedesyph's Book Shop.
  2051 | D:3      | Found an opulent altar of Gozag.
  2227 | D:4      | Found a transporter.
  2245 | D:4      | Reached skill level 5 in Fighting
  2251 | D:4      | Gained mutation: You have a tail ending in a sharp stinger.
                  | [demonic ancestry]
  2251 | D:4      | Reached XP level 5. HP: 38/44 MP: 5/5
  2363 | D:4      | Noticed LobsterGuardian's ghost (amateur OpVM)
  2499 | D:4      | Found a sparkling altar of Nemelex Xobeh.
  2603 | D:4      | Found a radiant altar of Vehumet.
  2630 | D:4      | You fall into a shaft and drop 1 floor!
  2630 | D:5      | Entered Level 5 of the Dungeon
  2748 | D:4      | Found a blossoming altar of Fedhas.
  2811 | D:4      | Noticed a small abomination
  2816 | D:4      | Noticed a small abomination
  2839 | D:4      | Found a hazy altar of Hepliaklqana.
  2887 | D:4      | Found a transporter.
  2991 | D:5      | Reached XP level 6. HP: 31/51 MP: 6/6
  3218 | D:5      | Found a runed translucent gate.
  3218 | D:5      | Found a runed translucent gate.
  3220 | D:5      | Found a runed translucent gate.
  3253 | D:5      | Identified the +1 leather armour of Ciumusko {rF+}
  3531 | D:5      | Reached skill level 5 in Throwing
  3826 | D:5      | Noticed an ice beast
  3848 | D:4      | Killed an ice beast
  3849 | D:4      | Gained mutation: You sometimes emit foul miasma when
                  | damaged in melee. [demonic ancestry]
  3849 | D:4      | Reached XP level 7. HP: 38/56 MP: 7/7
  4225 | D:5      | Identified the +5 chain mail of the Peach {Regen+ Int+4
                  | Dex-2 Slay+5}
  4552 | D:5      | Noticed Jase's ghost (amateur HOFE)
  4564 | D:5      | Killed Jase's ghost
  4565 | D:5      | Reached skill level 5 in Axes
  4565 | D:5      | Reached XP level 8. HP: 60/62 MP: 8/8
  5074 | D:6      | Found a staircase to the Ecumenical Temple.
  5498 | D:6      | Acquired a manual of Armour
  5537 | D:7      | Noticed Pikel
  5541 | D:7      | Noticed Joseph
  5545 | D:7      | Killed Pikel
  5546 | D:7      | Reached skill level 5 in Armour
  5546 | D:7      | Gained mutation: You are partially covered in rugged brown
                  | scales. (AC +1, +3% HP) [demonic ancestry]
  5546 | D:7      | Reached XP level 9. HP: 45/70 MP: 9/9
  5554 | D:7      | Killed Joseph
  5932 | D:7      | Reached skill level 10 in Armour
  6535 | D:7      | Noticed a cyclops
  6537 | D:7      | Noticed a gargoyle
  6538 | D:7      | Reached XP level 10. HP: 76/76 MP: 10/10
  6538 | D:7      | Noticed a manticore
  6542 | D:7      | Killed a cyclops
  6546 | D:7      | Killed a manticore
  6551 | D:7      | Killed a gargoyle
  6610 | D:7      | Identified the +0 battleaxe "Ufre" {heavy, Int+2}
  6725 | Temple   | Entered the Ecumenical Temple
  6825 | Temple   | Became a worshipper of Warmaster Okawaru
  7043 | D:8      | Noticed a two-headed ogre
  7050 | D:8      | Killed a two-headed ogre
  7050 | D:8      | Reached * piety under Okawaru
  7433 | D:8      | Noticed a gargoyle
  7434 | D:8      | Noticed a gargoyle
  7436 | D:8      | Killed a gargoyle
  7436 | D:8      | Reached ** piety under Okawaru
  7440 | D:8      | Killed a gargoyle
  7467 | D:8      | Noticed a gargoyle
  7471 | D:8      | Killed a gargoyle
  7479 | D:8      | Noticed a gargoyle
  7495 | D:8      | Killed a gargoyle
  7656 | D:8      | Noticed a gargoyle
  7662 | D:8      | Killed a gargoyle
  7662 | D:8      | Reached *** piety under Okawaru
  7788 | D:9      | Reached XP level 11. HP: 81/81 MP: 11/11
  8140 | D:9      | Reached skill level 10 in Axes
  8377 | D:9      | Reached skill level 5 in Invocations
  8379 | D:9      | Reached **** piety under Okawaru
  8673 | D:10     | Entered Level 10 of the Dungeon
  8699 | D:10     | Received a gift from Okawaru
  8704 | D:10     | Found a staircase to the Lair.
  8724 | D:10     | Noticed a two-headed ogre
  8729 | D:10     | Noticed a two-headed ogre
  8732 | D:10     | Killed a two-headed ogre
  8737 | D:10     | Killed a two-headed ogre
  9145 | D:10     | Reached ***** piety under Okawaru
  9302 | D:10     | Noticed a two-headed ogre
  9309 | D:10     | Killed a two-headed ogre
  9396 | Lair:1   | Entered Level 1 of the Lair of Beasts
  9451 | Lair:1   | Gained mutation: You are mostly covered in rugged brown
                  | scales. (AC +2, +5% HP) [demonic ancestry]
  9451 | Lair:1   | Reached XP level 12. HP: 62/96 MP: 18/18
  9767 | D:4      | Found a one-way gate to the infinite horrors of the Abyss.
  9795 | D:3      | Bought a scroll of identify for 20 gold pieces
  9795 | D:3      | Bought a scroll of identify for 20 gold pieces
 10757 | Lair:2   | Noticed Sonja
 10807 | Lair:2   | Reached skill level 10 in Fighting
 10811 | Lair:2   | Reached skill level 1 in Evocations
 10837 | Lair:2   | Killed Sonja
 10837 | Lair:2   | Received a gift from Okawaru
 10934 | Lair:2   | Identified the +3 chain mail of the Northern Lights {Will+
                  | rCorr SInv} (Okawaru gifted it to you on level 2 of the
                  | Lair of Beasts)
 10934 | Lair:2   | Received a gift from Okawaru
 11179 | Lair:2   | Noticed a death yak
 11180 | Lair:2   | Noticed a death yak
 11180 | Lair:2   | Noticed a death yak
 11185 | Lair:2   | Killed a death yak
 11186 | Lair:2   | Reached skill level 5 in Evocations
 11192 | Lair:2   | Killed a death yak
 11193 | Lair:2   | Killed a death yak
 11867 | Lair:3   | Found a gate leading to a gauntlet.
 11878 | Gauntlet | Entered a Gauntlet
 11878 | Gauntlet | Found a transporter.
 11885 | Gauntlet | Found a transporter.
 11898 | Gauntlet | Found a transporter.
 11902 | Gauntlet | Found a transporter.
 11909 | Gauntlet | Noticed a reaper
 11912 | Gauntlet | Found a transporter.
 11932 | Gauntlet | Found a transporter.
 11948 | Gauntlet | Found a transporter.
 11965 | Gauntlet | Found a transporter.
 11969 | Gauntlet | Found a transporter.
 11977 | Gauntlet | Found a transporter.
 11983 | Gauntlet | Noticed a quicksilver ooze
 12002 | Gauntlet | Found a transporter.
 12004 | Gauntlet | Found a transporter.
 12008 | Gauntlet | Found a runed translucent door.
 12009 | Gauntlet | Found a runed translucent door.
 12077 | Gauntlet | Killed a quicksilver ooze
 12244 | Gauntlet | Identified the amulet of Wuag {RegenMP +Blink Dex+2}
 12307 | Gauntlet | Identified the +12 sling of Circularity {speed, +Blink rN+
                  | rCorr Int+3}
 12307 | Gauntlet | Noticed a minotaur
 12315 | Gauntlet | Killed a minotaur
 12361 | Gauntlet | Identified the +6 glaive of Honesty {flame, Fly rPois Str+5
                  | Int-4}
 12577 | Lair:3   | Gained mutation: You have a sharp stinger which inflicts
                  | weakening toxins. [demonic ancestry]
 12577 | Lair:3   | Reached XP level 13. HP: 108/108 MP: 19/19
 12610 | Lair:3   | Noticed Fannar
 12637 | Lair:3   | Killed Fannar
 12662 | Lair:3   | Found a staircase to the Swamp.
 12780 | Lair:3   | Gained mutation: You have hidden genetic potential. [potion
                  | of mutation]
 12919 | Lair:3   | Found a hole to the Spider Nest.
 12923 | Lair:3   | Reached skill level 10 in Evocations
 12932 | Lair:3   | Reached ****** piety under Okawaru
 13053 | Lair:3   | Identified the +10 battleaxe of Ithrorir {heavy, rC+}
                  | (Okawaru gifted it to you on level 3 of the Lair of Beasts)
 13053 | Lair:3   | Received a gift from Okawaru
 13394 | Lair:4   | Found a staircase to the Slime Pits.
 13394 | Lair:4   | Found a viscous altar of Jiyva.
 14065 | Lair:4   | Identified the quicksilver dragon scales of the Wasteland
                  | {Harm Fly Will+ Str-3 Dex+3} (Okawaru gifted it to you on
                  | level 4 of the Lair of Beasts)
 14065 | Lair:4   | Received a gift from Okawaru
 14711 | D:1      | Bought the amulet of the Turtledove {Reflect Str+4 Dex+3
                  | SH+5} for 672 gold pieces
 15196 | D:11     | Found Hiegeira's Distillery.
 15204 | D:11     | Bought a potion of heal wounds for 65 gold pieces
 15583 | D:12     | Noticed Nergalle
 15592 | D:12     | Killed Nergalle
 15723 | D:12     | Found a staircase to the Orcish Mines.
 15759 | Orc:1    | Entered Level 1 of the Orcish Mines
 15763 | Orc:1    | Noticed an orc warlord
 15778 | D:12     | Reached XP level 14. HP: 45/115 MP: 18/20
 15844 | Orc:1    | Killed an orc warlord
 16055 | Orc:2    | Entered Level 2 of the Orcish Mines
 16136 | Orc:2    | Noticed an orc warlord
 16152 | Orc:2    | Killed an orc warlord
 16184 | Orc:2    | Gained mutation: Your flesh is heat resistant. (rF+)
                  | [hidden potential]
 16215 | Orc:2    | Found a staircase to the Elven Halls.
 16578 | Orc:2    | Found Liggon's Antique Armour Shop.
 16593 | Orc:2    | Slain by an orc knight

Illustrated notes

Levels and vault maps discovered:
D:1:      shiori_arrival_maze, layout_loops_ring, serial_shops,
          nicolae_shop_stone
D:2:      layout_loops_ring, shapermc_ecumenical_altar_hornbeckon,
          minmay_unequal
D:3:      layout_basic, nicolae_overflow_crystal_walls, serial_shops, shop,
          nicolae_shop_behind_doors, shop_fountains
D:4:      layout_rooms, nicolae_overflow_hidden_temple, nemelex_altar_shiori,
          vehumet_crystals, fedhas_altar_fruit_tree,
          gammafunk_ghost_abyssal_escape, dk_rats_in_the_wall
D:5:      layout_basic, gammafunk_ghost_necromancy,
          chequers_serial_rivers_room_b, minmay_starry_boxes
D:6:      layout_basic, minmay_temple_entry_stoned_glass, due_unseen_surprise
D:7:      layout_basic, minmay_the_grid_2x2 [minmay_the_grid_holed_spiral,
          minmay_the_grid_garden, minmay_the_grid_dragon_a,
          minmay_the_grid_prize_shrinking_boxes], uniq_joseph, uniq_pikel
D:8:      cheibrodos_statue_roulette, layout_loops_ring
D:9:      layout_stronghold, minmay_crystal_water
D:10:     layout_gridville, elyvilon_altar_1, hellmonk_lair_entry_icy
D:11:     layout_long_grid, serial_shops, nicolae_shop_waterfront
D:12:     dreamdust_dug_too_deep, layout_long_grid, david_orc_5, uniq_nergalle,
          uniq_josephine
D:13:     layout_loops_ring, nicolae_ru_sacrificial_ziggurat, uniq_azrael,
          uniq_kirke
Temple:   nicolae_temple_elliptical
Lair:1:   layout_small_grid, grunt_megastairs_1, serial_bayou_shore_b
Lair:2:   layout_roguey, serial_bayou_shore_b, infiniplex_staircase_pool_2,
          uniq_sonja
Lair:3:   layout_regular_city, minmay_swamp_entry_swarm, dummy_spider_entry,
          gauntlet_entry_generic, serial_bayou_shore_a, uniq_fannar
Lair:4:   beast_lair_carwin_large_2, layout_cave_pods, slime_entry_1,
          chequers_serial_rivers_small_b, serial_bayou_shore_b,
          grunt_megastairs_4
Orc:1:    layout_caves, basic_altar, sword_in_stone
Orc:2:    st_orc_elflike, layout_diamond_mine

Skill      XL: |  1  2  3  4  5  6  7  8  9 10 11 12 13 14 |
---------------+-------------------------------------------+-----
Fighting       | 3 4 5 8 10 | 10.0
Throwing       | 2 4 5 |  5.0
Axes           | 2 5 8 9 10 13 14 | 14.2
Armour         | 5 11 14 | 14.0
Invocations    | 9 |  9.0
Evocations     | 8 10 | 10.0
Short Blades   | |  2.6
Dodging        | |  2.6

Action                     |  1- 3 |  4- 6 |  7- 9 | 10-12 | 13-15 || total
---------------------------+-------+-------+-------+-------+-------++-------
  Melee: Rapier            |   118 |       |       |       |       ||   118
         Dagger            |    43 |    28 |       |       |       ||    71
         Punch             |     2 |     1 |       |       |       ||     3
         Falchion          |       |    68 |       |       |       ||    68
         Tailslap          |       |    22 |    15 |    66 |    37 ||   140
         Hand axe          |       |    66 |    51 |       |       ||   117
         Battleaxe         |       |       |   100 |   370 |   278 ||   748
  Throw: Boomerang         |       |     2 |     1 |     2 |     5 ||    10
         Throwing net      |       |       |     1 |     1 |       ||     2
 Invoke: Heroism           |       |       |       |       |     6 ||     6
         Finesse           |       |       |       |       |     1 ||     1
  Evoke: Wand              |       |       |       |     3 |       ||     3
    Use: Scroll            |     8 |     2 |     6 |    13 |     3 ||    32
         Potion            |       |       |     1 |     4 |     3 ||     8
   Stab: Held in net/web   |       |       |       |     1 |       ||     1
 Armour: Leather armour    |    27 |       |       |       |       ||    27
         Plate armour      |    49 |   161 |     5 |       |       ||   215
         Chain mail        |       |       |    83 |   183 |   315 ||   581
  Dodge: Dodged            |   105 |   129 |   162 |   259 |   280 ||   935
  Block: Other             |       |       |       |    82 |    92 ||   174
         Reflection        |       |       |       |     6 |       ||     6

Table legend: (Time is in decaauts)
 A = Elapsed time spent in this place.
 B = Non-inter-level travel time spent in this place.
 C = Inter-level travel time spent in this place.
 D = Time resting spent in this place.
 E = Time spent auto-exploring this place.
 F = Levels seen in this place.
 G = Mean time per level.
                   A        B        C        D        E       F      G
               +--------+--------+--------+--------+--------+-----+--------+
         Total |  16985 |  15159 |   1826 |   1501 |  10749 |  21 |  808.8 |
       Dungeon |  11285 |   9751 |   1534 |   1111 |   6849 |  13 |  868.1 |
        Temple |    120 |     71 |     49 |      0 |     59 |   1 |  120.0 |
          Lair |   4325 |   4103 |    222 |    275 |   3088 |   4 | 1081.2 |
  Orcish Mines |    675 |    655 |     20 |      0 |    525 |   2 |  337.5 |
      Gauntlet |    579 |    579 |      0 |    115 |    227 |   1 |  579.0 |
               +--------+--------+--------+--------+--------+-----+--------+

Top non-repeatable levels by time:
     D:5: 1669 daAuts
     D:7: 1384 daAuts
     D:6: 1138 daAuts
  Lair:2: 1123 daAuts
  Lair:4: 1114 daAuts
     D:9: 1111 daAuts
  Lair:3: 1051 daAuts
  Lair:1: 1035 daAuts
     D:8: 936 daAuts
     D:2: 914 daAuts
     D:4: 900 daAuts
     D:1: 892 daAuts
    D:10: 814 daAuts
     D:3: 591 daAuts
Gauntlet: 579 daAuts
